 Dungeon Crawl Stone Soup version 0.29.0-4-gdea44cf6ec (webtiles) character file.

Game seed: 10741947736386250554

71 Iusername the Covered (level 4, -1/41 HPs)
             Began as a Minotaur Fighter on Aug 26, 2022.
             Killed by nerve-wracking pain
             ... invoked by Grinder
              (7 damage)
             ... on level 3 of the Dungeon.
             The game lasted 00:02:10 (1498 turns).

Iusername the Covered (Minotaur Fighter)            Turns: 1498, Time: 00:02:11

Health: -1/41      AC:  7    Str: 23    XL:     4   Next: 5%
Magic:  3/3        EV:  9    Int:  5    God:
Gold:   111        SH:  4    Dex:  9    Spells: 3/3 levels left

rFire   . . .      SeeInvis .   f - +1 short sword (venom)
rCold   . . .      Faith    .   c - +0 buckler
rNeg    . . .      Spirit   .   b - +0 scale mail
rPois   .          Reflect  .   (helmet restricted)
rElec   .          Harm     .   (no cloak)
rCorr   .          Rampage  .   (no gloves)
Will    .....                   (no boots)
Stlth   ..........              (no amulet)
HPRegen 0.13/turn               (no ring)
MPRegen 0.08/turn               (no ring)

@: mighty
A: horns 2, retaliatory headbutt
a: no special abilities


You were on level 3 of the Dungeon.
You visited 1 branch of the dungeon, and saw 3 of its levels.

You collected 111 gold pieces.

Inventory:

Hand Weapons
 a - a +0 long sword
 f - a +1 short sword of venom (weapon)
Armour
 b - a +0 scale mail (worn)
 c - a +0 buckler (worn)
Jewellery
 k - a +4 ring of evasion
 q - an amulet of faith
Scrolls
 g - 2 scrolls of identify {unknown}
 h - a scroll of amnesia {unknown}
 i - 3 scrolls of poison {unknown}
 j - a scroll of immolation {unknown}
 l - a scroll of vulnerability {unknown}
Potions
 e - a potion of resistance {unknown}
 m - a potion of brilliance {unknown}
 n - a potion of curing {unknown}
 o - a potion of berserk rage {unknown}
 p - 2 potions of flight {unknown}


   Skills:
 + Level 4.5 Fighting
 + Level 1.0(1.9) Short Blades
 + Level 2.6(2.8) Long Blades
 + Level 4.5 Armour
 + Level 0.3 Dodging
 + Level 4.0 Shields


You had 3 spell levels left.
You didn't know any spells.
Your spell library was empty.

Dungeon Overview and Level Annotations

Branches:
Dungeon (2/15)

Altars:

Annotations:
D:3 Grinder


Innate Abilities, Weirdness & Mutations

You have a pair of horns on your head.
You reflexively headbutt those who attack you in melee.


Message History

You hit Grinder. Your headbutt misses Grinder.
Grinder is lightly wounded.
Grinder closely misses you.
Unknown command.
You barely miss Grinder. You headbutt Grinder.
Grinder is moderately wounded.
Grinder gestures at you.
You suddenly lose the ability to move!
Grinder zaps a wand.
The puff of flame hits you. Grinder hits you.
You can move again.
You are too injured to fight recklessly!
Grinder is nearby!
Unknown command.
You are too injured to fight recklessly!
Unknown command.
You feel very mighty all of a sudden.
Grinder zaps a wand.
The puff of flame hits you!
* * * LOW HITPOINT WARNING * * *
You puncture Grinder! Your headbutt misses Grinder.
Grinder is heavily wounded.
Grinder says, "My boss said I was rubbish.
His entrails said otherwise."
Grinder zaps a wand.
The puff of flame misses you.
You barely miss Grinder.
Grinder is heavily wounded.
Grinder says, "What is the universe for?"
Grinder gestures at you. Pain shoots through your body!
* * * LOW HITPOINT WARNING * * *
You hit Grinder.
Grinder is poisoned.
Grinder is severely wounded.
Grinder gestures at you.
You suddenly lose the ability to move!
Grinder blinks!
You can move again.
You closely miss Grinder.
Grinder is almost dead.
Grinder gestures at you. Pain shoots through your body!
You die...

.# #.# ##.. ...# ## #..
#.# #.# # ##
#.####.#.#####
#.###....@5....<.
#.#.##...#.#####
#.###....... #.#
#.#.##### .#
#.###.#....# #.#.####
#.##.......# #......#
#.##....#..# #......#
#..........#####......#
##....................##


You could see Grinder (very poisoned).

Vanquished Creatures
  Jessica (D:3)
  A worm (D:3)
  2 dart slugs (D:3)
  An orc (D:3)
  4 bats (D:1)
  2 endoplasms
  3 giant cockroaches
  3 goblins (D:1)
  9 hobgoblins
  3 kobolds (D:1)
  A ball python (D:3)
  4 rats
34 creatures vanquished.

Notes
Turn   | Place    | Note
-------+----------+-------------------------------------------
     0 | D:1      | Iusername the Minotaur Fighter began the quest for the Orb.
     0 | D:1      | Reached XP level 1. HP: 19/19 MP: 0/0
     0 | D:1      | Noticed a large abomination
     7 | D:1      | Noticed an ice dragon
     8 | D:1      | Noticed a tentacled monstrosity
    10 | D:1      | Noticed a large abomination
    12 | D:1      | Noticed an iron dragon
    12 | D:1      | Noticed a tentacled monstrosity
    14 | D:1      | Noticed a tentacled monstrosity
    14 | D:1      | Noticed an orb of fire
    15 | D:1      | Noticed a shadow dragon
    17 | D:1      | Noticed a large abomination
    17 | D:1      | Noticed a tentacled monstrosity
    19 | D:1      | Noticed a green draconian
    19 | D:1      | Noticed an ice dragon
    19 | D:1      | Noticed an iron dragon
    21 | D:1      | Noticed a tentacled monstrosity
    21 | D:1      | Noticed an ice dragon
    65 | D:1      | Noticed a purple draconian
   296 | D:1      | Reached XP level 2. HP: 27/27 MP: 1/1
   834 | D:2      | You fall into a shaft and drop 1 floor!
   849 | D:3      | Noticed Jessica
   857 | D:3      | Killed Jessica
   858 | D:3      | Reached XP level 3. HP: 19/34 MP: 2/2
  1345 | D:3      | Reached skill level 1 in Short Blades
  1433 | D:3      | Reached XP level 4. HP: 41/41 MP: 3/3
  1482 | D:3      | Noticed Grinder
  1482 | D:3      | Paralysed by Grinder for 2 turns
  1489 | D:3      | Paralysed by Grinder for 3 turns
  1495 | D:3      | Paralysed by Grinder for 2 turns
  1498 | D:3      | Killed from afar by Grinder

Illustrated notes

Levels and vault maps discovered:
D:1:      shiori_arrival_whats_in_store_for_you, layout_loops_ring
D:2:      layout_basic, st_stairs_2
D:3:      layout_loops_ring, uniq_sigmund, uniq_grinder, uniq_jessica

Skill      XL: |  1  2  3 |
---------------+----------+-----
Fighting       | 4 |  4.5
Armour         | 4 |  4.5
Shields        | 4 |  4.0
Short Blades   | 1 |  1.0
Long Blades    | |  2.6
Dodging        | |  0.3

Action                   |  1- 3 |  4- 6 || total
-------------------------+-------+-------++-------
Melee: Long sword        |    12 |       ||    12
       Short sword       |    59 |    12 ||    71
       Headbutt          |    10 |     2 ||    12
  Use: Potion            |       |     1 ||     1
Armor: Scale mail        |    35 |     1 ||    36
Dodge: Dodged            |    31 |     7 ||    38
Block: Buckler           |    12 |     1 ||    13
